 Dungeon Crawl Stone Soup version 0.22-a0-42-g002c468 (webtiles) character file.

394 tidbits the Grave Robber (level 6, -3/44 HPs)
             Began as a Gnoll Necromancer on Jan 5, 2018.
             Shot with an arrow by a centaur (10 damage)
             ... on level 7 of the Dungeon.
             The game lasted 00:07:51 (823 turns).

tidbits the Grave Robber (Gnoll Necromancer)         Turns: 823, Time: 00:07:51

Health: -3/44      AC:  1    Str: 11    XL:     6   Next: 82%
Magic:  14/23      EV: 15    Int: 19    God:
Gold:   87         SH:  0    Dex: 15    Spells: 7/15 levels left

rFire    . . .     SeeInvis .   d - +0 dagger
rCold    . . .     Gourm    .   (no shield)
rNeg     . . .     Faith    .   a - +0 robe
rPois    .         Spirit   .   (no helmet)
rElec    .         Reflect  .   (no cloak)
rCorr    .         Harm     .   G - +0 pair of gloves
MR       .....                  (no boots)
Stlth    +++.......             (no amulet)
HPRegen  0.14/turn              q - ring of magical power
MPRegen  0.18/turn              k - -2 ring of protection (curse)

@: no status effects
A: distributed training, fangs 1, strong nose
a: no special abilities


You were on level 7 of the Dungeon.
You were not hungry.

You visited 1 branch of the dungeon, and saw 7 of its levels.

You collected 87 gold pieces.

Inventory:

Hand Weapons
 d - a +0 dagger (weapon)
 f - a +0 whip
Armour
 a - a +0 robe (worn)
 G - a +0 pair of gloves (worn)
Jewellery
 h - an uncursed ring of protection from cold
   (You found it on level 1 of the Dungeon)
 k - a cursed -2 ring of protection (right hand)
   (You found it on level 3 of the Dungeon)
 q - a ring of magical power (left hand)
   (You found it on level 4 of the Dungeon)
Scrolls
 e - a scroll of teleportation
 g - a scroll of noise {unknown}
 o - a scroll of immolation
 p - a scroll of enchant weapon
Potions
 i - 2 potions of heal wounds
Books
 b - a book of Necromancy

   Spells                             Type                      Level
   a - Pain                           Necromancy                   1
   b - Animate Skeleton               Necromancy                   1
   c - Vampiric Draining              Necromancy                   3
   d - Regeneration                   Charms/Necromancy            3
   e - Animate Dead                   Necromancy                   4
   f - Borgnjor's Vile Clutch         Necromancy/Earth             5
Comestibles
 c - 4 rations


   Skills:
 + Level 2.1 Fighting
 + Level 2.1 Short Blades
 + Level 2.1 Long Blades
 + Level 2.1 Axes
 + Level 2.1 Maces & Flails
 + Level 2.1 Polearms
 + Level 2.1 Staves
 + Level 2.1 Slings
 + Level 2.1 Bows
 + Level 2.1 Crossbows
 + Level 2.1 Throwing
 + Level 2.1 Armour
 + Level 5.0 Dodging
 + Level 4.6 Stealth
 + Level 2.1 Shields
 + Level 2.1 Unarmed Combat
 + Level 5.4 Spellcasting
 + Level 1.6 Conjurations
 + Level 1.6 Hexes
 + Level 1.6 Charms
 + Level 1.6 Summonings
 + Level 7.3 Necromancy
 + Level 1.6 Translocations
 + Level 1.6 Transmutations
 + Level 1.6 Fire Magic
 + Level 1.6 Ice Magic
 + Level 1.6 Air Magic
 + Level 1.6 Earth Magic
 + Level 1.6 Poison Magic
 + Level 2.3 Invocations
 + Level 2.1 Evocations


You had 7 spell levels left.
You knew the following spells:

 Your Spells              Type           Power        Failure   Level  Hunger
a - Pain                  Necr           ####         1%          1    None
d - Vampiric Draining     Necr           ####......   1%          3    ##.....
n - Animate Skeleton      Necr           N/A          1%          1    None
r - Regeneration          Chrm/Necr      ###.......   5%          3    ##.....


Dungeon Overview and Level Annotations

Branches:
Dungeon (7/15)
 Temple: D:4-7

Altars:
Dithmenos
Qazlal
Uskayaw


Innate Abilities, Weirdness & Mutations

Your experience applies equally to all skills.
You have very sharp teeth.
Your uncanny sense of smell can sniff out nearby items.


Message History

There is a stone staircase leading up here.
You see here a ration.
c - 4 rations (gained 1)
There is a stone staircase leading down here.
You climb downwards.
Found 20 gold pieces and a leather armour.
There is a stone staircase leading up here.
You see here 20 gold pieces.
You now have 87 gold pieces (gained 20).
There is a stone staircase leading up here.
You climb upwards.
There is a stone staircase leading down here.
There is a stone staircase leading down here.
You climb downwards.
Found three items.
A scorpion comes into view.
There is a stone staircase leading up here.
You see here a scroll of teleportation.
e - a scroll of teleportation You found a teleport trap!
A centaur comes into view.
Found a hide-covered altar of Uskayaw.
A scorpion comes into view.
You see here a scroll labeled XATTEU FULEKK.
The helpless centaur fails to defend itself.
You puncture the centaur! You bite the centaur, but do no damage.
The centaur is severely wounded.
Casting: Pain
Confirm with . or Enter, or press ? or * to list all spells.
Aiming: Vampiric Draining
Press: ? - help, Shift-Dir - straight line, f - centaur
Aim: a centaur (severely wounded)
The centaur is almost dead.
You feel life coursing into your body. The centaur hits you!
* * * LOW HITPOINT WARNING * * *
Casting: Vampiric Draining
Confirm with . or Enter, or press ? or * to list all spells.
Aiming: Vampiric Draining
Press: ? - help, Shift-Dir - straight line, f/p - centaur
Aim: a centaur (almost dead)
You kill the centaur!
Your Fighting skill increases to level 2!
Your Short Blades skill increases to level 2!
Your Long Blades skill increases to level 2!
Your Axes skill increases to level 2!
Your Maces & Flails skill increases to level 2!
Your Polearms skill increases to level 2!
Your Staves skill increases to level 2!
Your Slings skill increases to level 2!
Your Bows skill increases to level 2!
Your Crossbows skill increases to level 2!
Your Throwing skill increases to level 2!
Your Armour skill increases to level 2!
Your Dodging skill increases to level 5!
Your Shields skill increases to level 2!
Your Unarmed Combat skill increases to level 2!
Your Evocations skill increases to level 2!
You feel life coursing into your body.
Your extra speed is starting to run out.
You see here a scroll labeled XATTEU FULEKK.
g - a scroll labeled XATTEU FULEKK You see here 2 potions of heal wounds.
i - 2 potions of heal wounds
Casting: Vampiric Draining
Confirm with . or Enter, or press ? or * to list all spells.
Aiming: Pain
Press: ? - help, Shift-Dir - straight line, f - scorpion
Aim: a scorpion (chance to defeat MR: 84%)
The scorpion writhes in agony!
You feel yourself slow down.
Casting: Pain
Confirm with . or Enter, or press ? or * to list all spells.
Aiming: Pain
Press: ? - help, Shift-Dir - straight line, f/p - scorpion
Aim: a scorpion (moderately wounded, chance to defeat MR: 84%)
The scorpion writhes in agony!
Casting: Pain
Confirm with . or Enter, or press ? or * to list all spells.
Aiming: Pain
Press: ? - help, Shift-Dir - straight line, f/p - scorpion
Aim: a scorpion (heavily wounded, chance to defeat MR: 84%)
The scorpion writhes in agony!
Casting: Pain
Confirm with . or Enter, or press ? or * to list all spells.
Aiming: Pain
Press: ? - help, Shift-Dir - straight line, f/p - scorpion
Aim: a scorpion (almost dead, chance to defeat MR: 84%)
The scorpion writhes in agony!
You kill the scorpion!
Things that are here:
a shortbow; 27 arrows You open the door.
There is an open door here.
You open the door.
There is an open door here.
Found 18 gold pieces.
Found a rapier.
A centaur comes into view.
The centaur shouts!
The centaur wields a shortbow.
The centaur shoots an arrow.
The arrow hits you!
You die...

##.........
###'###..##
##...##..#### #
.#..........# ..
.#..........# ..
#########'###∆ .#
.###...####+###.c##
.$.................+
.............@.....#
######..##...##....#
#..##...# ...#
.........# ....
..........# ...
########..## #. #..#
...) ∆ ∆ ....∆


You could see a centaur.

Vanquished Creatures
  A centaur (D:7)
  A bullfrog (D:6)
  A scorpion (D:7)
  A jelly (D:5)
  An iguana (D:6)
  2 worker ants (D:6)
  A hound skeleton (D:6)
  2 adders
  2 gnolls (D:2)
  A shadow imp (D:5)
  An ooze (D:1)
  A worm (D:4)
  A leopard gecko (D:5)
  3 giant cockroaches
  A goblin (D:1)
  2 kobolds (D:1)
  2 quokkas
  2 bats (D:1)
  A leopard gecko skeleton (D:4)
  3 rats (D:3)
30 creatures vanquished.

Vanquished Creatures (others)
  An orc warrior (D:6)
  An orc priest (D:6)
  An orc wizard (D:6)
  A worker ant (D:6)
4 creatures vanquished.

Grand Total: 34 creatures vanquished

Notes
Turn   | Place    | Note
-------+----------+-------------------------------------------
     0 | D:1      | tidbits the Gnoll Necromancer began the quest for the Orb.
     0 | D:1      | Reached XP level 1. HP: 13/13 MP: 6/6
    60 | D:2      | Reached XP level 2. HP: 14/20 MP: 2/7
    71 | D:2      | Reached XP level 3. HP: 16/25 MP: 1/9
   114 | D:1      | Reached skill level 5 in Spellcasting
   265 | D:4      | Noticed an earth elemental
   266 | D:4      | Found a stormy altar of Qazlal.
   267 | D:4      | Noticed a fire elemental
   267 | D:4      | Noticed a water elemental
   267 | D:4      | Noticed an air elemental
   300 | D:3      | Reached skill level 1 in Invocations
   335 | D:2      | Reached skill level 1 in Fighting
   335 | D:2      | Reached skill level 1 in Short Blades
   335 | D:2      | Reached skill level 1 in Long Blades
   335 | D:2      | Reached skill level 1 in Axes
   335 | D:2      | Reached skill level 1 in Maces & Flails
   335 | D:2      | Reached skill level 1 in Polearms
   335 | D:2      | Reached skill level 1 in Staves
   335 | D:2      | Reached skill level 1 in Slings
   335 | D:2      | Reached skill level 1 in Bows
   335 | D:2      | Reached skill level 1 in Crossbows
   335 | D:2      | Reached skill level 1 in Throwing
   335 | D:2      | Reached skill level 1 in Armour
   335 | D:2      | Reached skill level 1 in Shields
   335 | D:2      | Reached skill level 1 in Unarmed Combat
   335 | D:2      | Reached skill level 1 in Evocations
   335 | D:2      | Reached XP level 4. HP: 14/32 MP: 8/11
   338 | D:2      | Learned a level 1 spell: Animate Skeleton
   342 | D:2      | Learned a level 3 spell: Vampiric Draining
   346 | D:2      | Learned a level 3 spell: Regeneration
   508 | D:5      | Entered Level 5 of the Dungeon
   508 | D:5      | Noticed a necrophage
   513 | D:5      | Noticed a phantom
   523 | D:6      | Killed an orc warrior
   595 | D:6      | Noticed a bullfrog
   602 | D:6      | Killed a bullfrog
   602 | D:6      | Reached skill level 1 in Conjurations
   602 | D:6      | Reached skill level 1 in Hexes
   602 | D:6      | Reached skill level 1 in Charms
   602 | D:6      | Reached skill level 1 in Summonings
   602 | D:6      | Reached skill level 1 in Translocations
   602 | D:6      | Reached skill level 1 in Transmutations
   602 | D:6      | Reached skill level 1 in Fire Magic
   602 | D:6      | Reached skill level 1 in Ice Magic
   602 | D:6      | Reached skill level 1 in Air Magic
   602 | D:6      | Reached skill level 1 in Earth Magic
   602 | D:6      | Reached skill level 1 in Poison Magic
   602 | D:6      | Reached XP level 5. HP: 15/37 MP: 12/12
   686 | D:5      | Reached XP level 6. HP: 33/44 MP: 13/13
   697 | D:5      | Found a shadowy altar of Dithmenos.
   750 | D:5      | Reached skill level 2 in Invocations
   781 | D:7      | Found a hide-covered altar of Uskayaw.
   785 | D:7      | HP: 4/44 [centaur (10)]
   786 | D:7      | Reached skill level 2 in Fighting
   786 | D:7      | Reached skill level 2 in Short Blades
   786 | D:7      | Reached skill level 2 in Long Blades
   786 | D:7      | Reached skill level 2 in Axes
   786 | D:7      | Reached skill level 2 in Maces & Flails
   786 | D:7      | Reached skill level 2 in Polearms
   786 | D:7      | Reached skill level 2 in Staves
   786 | D:7      | Reached skill level 2 in Slings
   786 | D:7      | Reached skill level 2 in Bows
   786 | D:7      | Reached skill level 2 in Crossbows
   786 | D:7      | Reached skill level 2 in Throwing
   786 | D:7      | Reached skill level 2 in Armour
   786 | D:7      | Reached skill level 5 in Dodging
   786 | D:7      | Reached skill level 2 in Shields
   786 | D:7      | Reached skill level 2 in Unarmed Combat
   786 | D:7      | Reached skill level 2 in Evocations
   823 | D:7      | Shot with an arrow by a centaur

Vault maps used:
D:1:      minmay_arrival_jagged, roderic_lattice_a
D:3:      overflow_temple_1_default, uniq_terence, uniq_crazy_yiuf_cottage
D:4:      nicolae_qazlal_style_of_elements
D:5:      first_ration, grunt_dithmenos_shadows
D:6:      okawaru_gym_becter, minmay_temple_entry_junction_2,
          lemuel_flamethrower_2
D:7:      hangedman_feature_mirror

Skill      XL: |  1  2  3  4  5  6 |
---------------+-------------------+-----
Spellcasting   | 5 |  5.4
Invocations    | 1 2 |  2.3
Fighting       | 1 2 |  2.1
Short Blades   | 1 2 |  2.1
Long Blades    | 1 2 |  2.1
Axes           | 1 2 |  2.1
Maces & Flails | 1 2 |  2.1
Polearms       | 1 2 |  2.1
Staves         | 1 2 |  2.1
Slings         | 1 2 |  2.1
Bows           | 1 2 |  2.1
Crossbows      | 1 2 |  2.1
Throwing       | 1 2 |  2.1
Armour         | 1 2 |  2.1
Shields        | 1 2 |  2.1
Unarmed Combat | 1 2 |  2.1
Evocations     | 1 2 |  2.1
Conjurations   | 1 |  1.6
Hexes          | 1 |  1.6
Charms         | 1 |  1.6
Summonings     | 1 |  1.6
Translocations | 1 |  1.6
Transmutations | 1 |  1.6
Fire Magic     | 1 |  1.6
Ice Magic      | 1 |  1.6
Air Magic      | 1 |  1.6
Earth Magic    | 1 |  1.6
Poison Magic   | 1 |  1.6
Dodging        | 5 |  5.0
Stealth        | |  4.6
Necromancy     | |  7.3

Action                   |  1- 3 |  4- 6 || total
-------------------------+-------+-------++-------
Melee: Dagger            |     3 |    41 ||    44
       Punch             |       |     2 ||     2
       Bite              |       |     8 ||     8
Throw: Throwing net      |       |     1 ||     1
 Cast: Pain              |    27 |    16 ||    43
       Vampiric Draining |       |    13 ||    13
       Regeneration      |       |     1 ||     1
  Use: Scroll            |       |     6 ||     6
       Potion            |       |     3 ||     3
 Stab: Sleeping          |     2 |     4 ||     6
Dodge: Dodged            |     3 |    35 ||    38

Table legend:
 A = Spawn XP
 B = Non-spawn XP
 C = Spawn XP percentage of total XP
 D = Spawn monster count
 E = Non-spawn monster count
 F = Spawn count percentage of total count
 G = Total turns spent on level
                    A         B        C        D         E        F      G
               +---------+---------+-------+---------+---------+-------+---------
         Total |       0 |     564 |   0.0 |       0 |      31 |   0.0 |   823
               +---------+---------+-------+---------+---------+-------+---------
           D:1 |       0 |      19 |   0.0 |       0 |       8 |   0.0 |   165
           D:2 |       0 |      44 |   0.0 |       0 |       4 |   0.0 |   209
           D:3 |       0 |      17 |   0.0 |       0 |       4 |   0.0 |    53
           D:4 |       0 |       8 |   0.0 |       0 |       3 |   0.0 |    81
           D:5 |       0 |      57 |   0.0 |       0 |       4 |   0.0 |   132
           D:6 |       0 |     229 |   0.0 |       0 |       6 |   0.0 |   127
           D:7 |       0 |     190 |   0.0 |       0 |       2 |   0.0 |    56
               +---------+---------+-------+---------+---------+-------+---------

Table legend:
 A = Turns spent in this place as a percentage of turns spent in the entire game.
 B = Non-inter-level travel turns spent in this place as a percentage of non-inter-level travel turns spent in the entire game.
 C = Inter-level travel turns spent in this place as a percentage of turns spent in this place.
 D = Turns resting spent in this place as a percentage of non-inter-level travel turns spent in this place.
 E = Turns spent auto-exploring this place as a percentage of non-inter-level travel turns spent in this place.
 F = Non-inter-level travel turns spent in this place divided by the number of levels of this place that you've seen.
                   A       B       C       D       E      F
               +-------+-------+-------+-------+-------+----------------------
         Total | 100.0 | 100.0 |   0.0 |   0.0 |   0.0 | 117.6
       Dungeon | 100.0 | 100.0 |   0.0 |   0.0 |   0.0 | 117.6
               +-------+-------+-------+-------+-------+----------------------

Table legend:
 A = Kills in this place as a percentage of kills in entire the game.
 B = Kills by you in this place as a percentage of kills by you in the entire game.
 C = Kills by friends in this place as a percentage of kills by friends in the entire game.
 D = Other kills in this place as a percentage of other kills in the entire game.
 E = Experience gained in this place as a percentage of experience gained in the entire game.
 F = Experience gained in this place divided by the number of levels of this place that you have seen.
                   A       B       C       D       E      F
               +-------+-------+-------+-------+-------+----------------------
         Total | 100.0 | 100.0 |   N/A | 100.0 | 100.0 |  80.6
       Dungeon | 100.0 | 100.0 |   N/A | 100.0 | 100.0 |  80.6
               +-------+-------+-------+-------+-------+----------------------

Vault maps used:
D:1:      minmay_arrival_jagged, roderic_lattice_a
D:3:      overflow_temple_1_default, uniq_terence, uniq_crazy_yiuf_cottage
D:4:      nicolae_qazlal_style_of_elements
D:5:      first_ration, grunt_dithmenos_shadows
D:6:      okawaru_gym_becter, minmay_temple_entry_junction_2,
          lemuel_flamethrower_2
D:7:      hangedman_feature_mirror
